 Dungeon Crawl Stone Soup version 0.30-a0-728-gc68057be0a (webtiles) character file.

Game seed: 16908004416210985659

4320 Ijustatesigmund the Thaumaturge (level 10, 0/56 HPs)
             Began as a Deep Elf Conjurer on Jan 30, 2023.
             Was an Initiate of Vehumet.
             Slain by a centaur (1 damage)
             ... on level 8 of the Dungeon on Jan 31, 2023.
             The game lasted 00:23:32 (10618 turns).

Ijustatesigmund the Thaumaturge (DECj)             Turns: 10618, Time: 00:23:33

Health: 0/56       AC:  8    Str:  6    XL:     10   Next: 11%
Magic:  25/37      EV: 14    Int: 33    God:    Vehumet [......]
Gold:   261        SH:  0    Dex: 19    Spells: 30/33 levels left

rFire   . . .      SeeInvis .    m - +1 mace of the Assorted Deaths {venom, *Noise MP+9 Int+7}
rCold   . . .      Faith    .    (no shield)
rNeg    . . .      Spirit   .    a - +0 robe
rPois   .          Reflect  .    v - +0 helmet
rElec   .          Harm     .    t - scarf {repulsion}
rCorr   .          Rampage  .    h - +0 pair of gloves
Will    +....                    (no boots)
Stlth   ++                       g - amulet of magic regeneration
HPRegen 0.29/turn                r - +6 ring of dexterity
MPRegen 0.65/turn                G - +4 ring of protection

@: repel missiles
A: no striking features
a: Renounce Religion


You were on level 8 of the Dungeon.
You worshipped Vehumet.
Vehumet was noncommittal.
You visited 2 branches of the dungeon, and saw 9 of its levels.

You collected 283 gold pieces.
You spent 22 gold pieces at shops.

Inventory:

Hand Weapons
 c - a +0 short sword of speed
 m - the +1 mace of the Assorted Deaths (weapon) {venom, *Noise MP+9 Int+7}
   (You found it on level 2 of the Dungeon)

   Int:       It affects your intelligence (+7).
   MP:        It affects your magic capacity (+9).
   *Noise:    It may make noises in combat.
 A - a +0 arbalest
 D - the +9 trident "Bepit" {elec, rElec Str+7 Stlth-}
   (You found it on level 6 of the Dungeon)

   Str:       It affects your strength (+7).
   rElec:     It insulates you from electricity.
   Stlth:     It makes you less stealthy.
Missiles
 w - 2 throwing nets
Armour
 a - a +0 robe (worn)
 h - a +0 pair of gloves (worn)
 t - a scarf of repulsion (worn)
 u - the +0 helmet of the Valley of Death {rPois rC- Regen+ Dex+3}
   (You found it on level 4 of the Dungeon)

   Dex:       It affects your dexterity (+3).
   rC:        It makes you vulnerable to cold.
   rPois:     It protects you from poison.
   Regen:     It increases your rate of health regeneration.
 v - a +0 helmet (worn)
Jewellery
 g - an amulet of magic regeneration (around neck)
 n - an amulet of regeneration
 r - a +6 ring of dexterity (left hand)
 G - a +4 ring of protection (right hand)
Wands
 i - a wand of charming (6)
 p - a wand of polymorph (26)
 q - a wand of flame (13)
 x - a wand of digging (4)
 H - a wand of acid (3)
Scrolls
 f - a scroll of teleportation
 k - 4 scrolls of fog
 l - 2 scrolls of enchant weapon
 s - a scroll of magic mapping
 y - 2 scrolls of blinking
 E - 2 scrolls of immolation
 F - a scroll of vulnerability
 I - a scroll of fear
Potions
 b - 2 potions of magic
 d - a potion of flight
 e - 7 potions of curing
 j - a potion of resistance
 o - 3 potions of heal wounds
 z - a potion of haste
 B - a potion of berserk rage {unknown}
 C - a potion of brilliance {unknown}
 J - a potion of ambrosia {unknown}
 L - a potion of attraction {unknown}


   Skills:
 - Level 3.8 Fighting
 - Level 4.0 Dodging
 - Level 2.4 Stealth
 + Level 12.3 Spellcasting
 + Level 11.0 Conjurations
 - Level 4.0 Evocations


You had 30 spell levels left.
You knew the following spells:

 Your Spells              Type           Power      Damage    Failure   Level
a - Magic Dart            Conj           100%       1d8       1%          1
b - Searing Ray           Conj           100%       2d8       1%          2

Your spell library contained the following spells:

 Spells                   Type           Power      Damage    Failure   Level
 Static Discharge         Conj/Air       100%       2-7/arc   1%          2
 Dazzling Flash           Conj/Hex       100%       N/A       1%          3
 Fulminant Prism          Conj/Hex       27%        3d14      2%          4
 Iskenderun's Mystic Bla  Conj/Tloc      54%        2d12      2%          4
 Arcjolt                  Conj/Air       27%        1d37      6%          5
 Lightning Bolt           Conj/Air       27%        1d43      6%          5
 Vhi's Electric Charge    Tloc/Air       40%        N/A       7%          3


Dungeon Overview and Level Annotations

Branches:
Dungeon (8/15)             Temple (1/1) D:7
   Lair: D:8-11

Altars:
Ashenzari
Cheibriados
Dithmenos
Elyvilon
Fedhas
Gozag
Hepliaklqana
Kikubaaqudgha
Makhleb
Nemelex Xobeh
Okawaru
Qazlal
Ru
Sif Muna
Trog
Uskayaw
Vehumet
Wu Jian
Xom
Yredelemnul
Zin
The Shining One

Shops:
D:2 ?   D:3 ?

Annotations:
D:8 1 runed translucent door, Zaque's ghost, novice GrEE


Message History

Aiming: Corrosive Bolt
Press: ? - help, Shift-Dir - straight line, f/p - two-headed ogre
Aim: a two-headed ogre, wielding two +0 giant spiked clubs (lightly wounded, 88% to hit)
The bolt of acid misses the two-headed ogre.
Casting: Magic Dart (safe; 1% risk of failure)
Confirm with . or Enter, or press ? or * to list all spells.
Aiming: Searing Ray (safe; 1% risk of failure)
Press: ? - help, Shift-Dir - straight line, f/p - two-headed ogre
Aim: a two-headed ogre, wielding two +0 giant spiked clubs (92% to hit)
The searing ray hits the two-headed ogre.
The two-headed ogre is lightly wounded. (Press . to maintain the ray.)
A centaur comes into view.
The searing ray hits the two-headed ogre!
The two-headed ogre is moderately wounded.
The searing ray hits the two-headed ogre!
The two-headed ogre is heavily wounded.
The searing ray hits the two-headed ogre.
The two-headed ogre is heavily wounded.
The searing ray hits the centaur!
The centaur is heavily wounded.
You finish channelling your searing ray.
The two-headed ogre hits you with a +0 giant spiked club!!
The two-headed ogre hits you with a +0 giant spiked club!
Casting: Searing Ray (safe; 1% risk of failure)
Confirm with . or Enter, or press ? or * to list all spells.
Aiming: Searing Ray (safe; 1% risk of failure)
Press: ? - help, Shift-Dir - straight line, f/p - two-headed ogre
Aim: a two-headed ogre, wielding two +0 giant spiked clubs (heavily wounded, 92% to hit)
The searing ray hits the two-headed ogre but does no damage.
The two-headed ogre is heavily wounded. (Press . to maintain the ray.)
The searing ray hits the two-headed ogre!
The two-headed ogre is severely wounded.
The centaur completely misses you. The centaur closely misses you.
The two-headed ogre hits you with a +0 giant spiked club!!
* * * LOW HITPOINT WARNING * * *
The two-headed ogre completely misses you.
The centaur barely misses you. The centaur kicks you.
You die...

#.###..........................
#......###################.....
##..##)#♣♣.♣♣ ♣♣.♣♣#♣♣.♣♣#.#...
##>.#.#♣.≈.♣#♣.♣♣.#♣P~≈≈#.#...
##.#)#.≈≈≈.#.♣♣..#♣~P♣ #.#...
#.#.#.≈≈≈.#.♣..♣#~♣♣♣ #.##..
#.#.#.≈≈≈.#...♣♣#♣~P♣ #.##..
#.#.#.≈~≈.#..♣♣ ♣P~♣♣#.####
#.#.#♣~≈~♣♣@♣♣♣♣♣♣♣♣~♣#.#
#.#...≈~≈.cO......~P~...#
#.#)#♣~≈~♣♣)♣♣♣♣♣~P~≈~#.#
#.#)#(≈~≈.#)♣ #~♣♣~♣#.#
#.#)#.≈≈≈.#.♣ #~♣♣♣♣#.#
#.#)#.≈≈≈.#.♣ #~♣ #.#
######.#.#.≈≈≈.#.. #♣~ #.#
.......#.#♣.≈.♣#.)♣ P #.#
####.....#♣♣.♣♣#.♣. ♣ #.#


You could see a two-headed ogre and a centaur.

Vanquished Creatures
  Sigmund (D:2)
  2 wyverns (D:8)
  A steam dragon (D:7)
  2 sky beasts (D:7)
  An orc warrior (D:7)
  2 black bears
  3 ogres
  2 centaurs
  A phantom (D:5)
  3 kobold brigands
  A necrophage (D:5)
  Blork the orc (D:6)
  2 bullfrogs
  4 scorpions
  18 wights
  3 killer bees (D:7)
  4 howler monkeys (D:4)
  3 hounds
  A gnoll bouda (D:6)
  2 jellies
  3 orc priests
  6 orc wizards
  3 iguanas
  21 gnolls
  An adder (D:6)
  An ufetubus (D:6)
  2 worms (D:4)
  2 dart slugs
  38 orcs
  10 endoplasms
  2 giant cockroaches
  6 goblins
  7 hobgoblins
  15 jackals
  19 kobolds
  6 quokkas
  8 ball pythons
  6 bats
  3 frilled lizards
  11 rats
227 creatures vanquished.

Vanquished Creatures (others)
  A human (D:4)
  An orc wizard (D:7)
  A gnoll (D:6)
  22 plants
25 creatures vanquished.

Grand Total: 252 creatures vanquished

Notes
Turn   | Place    | Note
-------+----------+-------------------------------------------
     0 | D:1      | Ijustatesigmund the Deep Elf Conjurer began the quest for
                  | the Orb.
     0 | D:1      | Reached XP level 1. HP: 10/10 MP: 6/6
   262 | D:1      | Reached XP level 2. HP: 15/15 MP: 4/8
   265 | D:1      | Learned a level 2 spell: Searing Ray
   608 | D:1      | Reached skill level 4 in Spellcasting
   865 | D:1      | Reached skill level 5 in Conjurations
   865 | D:1      | Reached XP level 3. HP: 19/19 MP: 4/10
  1209 | D:2      | Found Quethrem's Magic Scroll Shop.
  1624 | D:2      | Noticed Sigmund
  1644 | D:2      | Killed Sigmund
  1645 | D:2      | Reached skill level 5 in Spellcasting
  1645 | D:2      | Reached XP level 4. HP: 14/24 MP: 2/13
  1645 | D:2      | Reached XP level 5. HP: 16/28 MP: 2/15
  1866 | D:2      | Identified the +1 mace of the Assorted Deaths {venom,
                  | *Noise MP+9 Int+7}
  2000 | D:2      | Reached skill level 6 in Spellcasting
  2589 | D:3      | Found Erydefen's Magic Scroll Shoppe.
  2594 | D:3      | Bought a scroll of identify for 22 gold pieces
  3311 | D:4      | Reached XP level 6. HP: 33/33 MP: 5/17
  3615 | D:4      | Reached skill level 1 in Fighting
  4109 | D:4      | Reached XP level 7. HP: 39/39 MP: 17/19
  4217 | D:4      | Reached skill level 7 in Spellcasting
  4264 | D:4      | Identified the +0 helmet of the Valley of Death {rPois rC-
                  | Regen+ Dex+3}
  4419 | D:4      | Found a hide-covered altar of Uskayaw.
  4425 | D:4      | Found an ancient bone altar of Kikubaaqudgha.
  4425 | D:4      | Noticed a human
  4428 | D:4      | Killed a human
  4758 | D:4      | Reached skill level 8 in Spellcasting
  5018 | D:4      | Reached XP level 8. HP: 44/44 MP: 21/22
  5378 | D:5      | Entered Level 5 of the Dungeon
  5755 | D:5      | Reached skill level 9 in Spellcasting
  6251 | D:5      | Found an iron altar of Okawaru.
  6496 | D:6      | Reached skill level 10 in Spellcasting
  6531 | D:6      | Reached skill level 1 in Evocations
  6713 | D:6      | Identified the +9 trident "Bepit" {elec, rElec Str+7
                  | Stlth-}
  6722 | D:6      | Found an opulent altar of Gozag.
  6910 | D:6      | Noticed Blork the orc
  6917 | D:6      | Killed Blork the orc
  7068 | D:6      | Reached XP level 9. HP: 49/49 MP: 25/25
  7307 | D:6      | Found a shimmering altar of Xom.
  7318 | D:6      | Found a bloodstained altar of Trog.
  8225 | D:7      | Reached skill level 11 in Spellcasting
  8225 | D:7      | Reached skill level 10 in Conjurations
  8985 | D:7      | Found a staircase to the Ecumenical Temple.
  8991 | Temple   | Entered the Ecumenical Temple
  9190 | Temple   | Became a worshipper of Vehumet
  9431 | D:7      | Found a sparkling altar of Nemelex Xobeh.
  9583 | D:8      | Found a runed translucent door.
  9586 | D:8      | Noticed Zaque's ghost (novice GrEE)
 10316 | D:8      | Reached skill level 12 in Spellcasting
 10316 | D:8      | Reached XP level 10. HP: 56/56 MP: 28/28
 10609 | D:8      | Noticed a two-headed ogre
 10618 | D:8      | HP: 1/56 [two-headed ogre/+0 giant spiked club (22)]
 10618 | D:8      | Slain by a centaur

Illustrated notes

Levels and vault maps discovered:
D:1:      eino_arrival_tree_alley, layout_loops_ring, chequers_decorated_corner,
          grunt_decor_fettered, minmay_unequal
D:2:      layout_basic, serial_shops, shop, uniq_sigmund
D:3:      layout_loops_ring, serial_shops, nicolae_diamond_shop
D:4:      lemuel_castle_with_subvaults [lemuel_castle_interior_carwin_3],
          layout_gridville, mainiacjoe_overflow_alcove_1, tgw_kikubaaqudgha,
          hangedman_decor_opposing, lexackson_kobold_supper
D:5:      layout_loops_corners, overflow_temple_1_default,
          chequers_serial_rivers_micro_c
D:6:      nicolae_BIG_FREAKIN_CUBE, layout_basic, nicolae_gozag_seed_capital,
          amethyst_overflow_temple_binary, lemuel_flamethrower_1,
          uniq_blork_the_orc
D:7:      layout_basic, nemelex_diamond_rough_becter,
          minmay_temple_entry_nine_rooms
D:8:      nzn_winding_woodlands_three_and_one
          [nzn_winding_woodlands_5x15_lazy_stream,
          nzn_winding_woodlands_5x15_pockets,
          nzn_winding_woodlands_5x15_river_crossing,
          nzn_winding_woodlands_center_garden], layout_basic,
          ebering_ghost_reflecting_pool
Temple:   regret_index_temple_generic_petals

Skill      XL: |  1  2  3  4  5  6  7  8  9 10 |
---------------+-------------------------------+-----
Spellcasting   | 4 5 6 8 10 12 | 12.3
Conjurations   | 5 6 7 9 10 11 | 11.0
Fighting       | 1 2 3 |  3.8
Dodging        | 3 4 |  4.0
Evocations     | 1 4 |  4.0
Stealth        | |  2.4

Action                     |  1- 3 |  4- 6 |  7- 9 | 10-12 || total
---------------------------+-------+-------+-------+-------++-------
  Melee: Mace              |       |       |     3 |       ||     3
   Cast: Magic Dart        |    70 |   137 |   241 |    11 ||   459
         Searing Ray       |     2 |    12 |    68 |     7 ||    89
  Evoke: Wand              |     1 |       |     1 |     2 ||     4
    Use: Scroll            |     6 |     6 |     4 |     1 ||    17
         Potion            |       |       |     1 |       ||     1
 Armour: Robe              |     2 |     5 |    15 |     3 ||    25
  Dodge: Dodged            |     3 |    12 |    62 |     4 ||    81
         Repelled          |       |       |     1 |       ||     1

Table legend: (Time is in decaauts)
 A = Elapsed time spent in this place.
 B = Non-inter-level travel time spent in this place.
 C = Inter-level travel time spent in this place.
 D = Time resting spent in this place.
 E = Time spent auto-exploring this place.
 F = Levels seen in this place.
 G = Mean time per level.
                   A        B        C        D        E       F      G
               +--------+--------+--------+--------+--------+-----+--------+
         Total |  10635 |  10294 |    341 |   2281 |   6671 |   9 | 1181.7 |
       Dungeon |  10419 |  10108 |    311 |   2281 |   6496 |   8 | 1302.4 |
        Temple |    216 |    187 |     29 |      0 |    175 |   1 |  216.0 |
               +--------+--------+--------+--------+--------+-----+--------+

Top non-repeatable levels by time:
     D:4: 2295 daAuts
     D:7: 1684 daAuts
     D:1: 1199 daAuts
     D:6: 1191 daAuts
     D:8: 1174 daAuts
     D:2: 1071 daAuts
     D:5: 987 daAuts
     D:3: 813 daAuts
  Temple: 216 daAuts
